Login

Chiefs vs Crazy Nastyass Badgers

Created - April 7, 2024 at 12:17

Goals
1 2 3 T
Chiefs 3 1 0 4
Crazy Nastyass Badgers 1 0 2 3
Shots
1 2 3 T
Chiefs 13 15 17 45
Crazy Nastyass Badgers 4 10 8 22

GoalsPenalties
1st period
1. Chiefs , Drew Doughty 3 (Reilly Smith 12, Frank Vatrano 12) at 5:00
2. Crazy Nastyass Badgers , Torey Krug 4 (Henri Jokiharju 4, Pierre-Luc Dubois 25) at 5:12
3. Chiefs , Dave Hunt 10 (Ryan Nugent-Hopkins 22, Drew Doughty 16) at 11:39
4. Chiefs , Dave Hunt 11 (Ryan Nugent-Hopkins 23, Marc-Edouard Vlasic 19) at 15:29 (PP)
Jake Muzzin (GLA) for Interference (Minor) at 0:23
Torey Krug (CNB) for Holding (Minor) at 14:19
Ryan Johansen (CNB) for Roughing (Minor) at 18:24
2nd period
5. Chiefs , Frank Vatrano 13 (Casey Cizikas 17, Drew Doughty 17) at 14:05
Eeli Tolvanen (CNB) for Hooking (Minor) at 8:49
Tyson Barrie (CNB) for Delaying the game (Minor) at 18:07
3rd period
6. Crazy Nastyass Badgers , Pierre-Luc Dubois 16 (Tyson Barrie 13) at 2:21
7. Crazy Nastyass Badgers , Jonathan Huberdeau 10 (Tyson Barrie 14, Ryan Johansen 11) at 3:16 (PP)
Marc-Edouard Vlasic (GLA) for Hooking (Minor) at 2:58
Eeli Tolvanen (CNB) for Hooking (Minor) at 5:09
Ukko-Pekka Luukkonen (CNB) for Delaying the game (Minor) at 6:46 - Ryan Johansen served the penalty.
Tyson Barrie (CNB) for Interference (Minor) at 12:46
Goalie Stats
Stuart Skinner (GLA), 19 saves from 22 shots - (0.864), W, 32-23-7, 60:00 minutes
Ukko-Pekka Luukkonen (CNB), 41 saves from 45 shots - (0.911), L, 2-10-2, 58:56 minutes
3 StarsOfficial
1 - Drew Doughty (GLA)
2 - Dave Hunt (GLA)
3 - Frank Vatrano (GLA)
Referees : Unknown
Linesman : Unknown
Game Note
No Game Note
Finance
Level 1 -- Attendance: 5041 (84.02%) -- Ticket Income $499,059
Level 2 -- Attendance: 3153 (63.06%) -- Ticket Income $217,557
Level 3 -- Attendance: 1040 (52.00%) -- Ticket Income $50,960
Level 4 -- Attendance: 2817 (70.43%) -- Ticket Income $81,693
Luxury Box -- Attendance: 922 (92.20%) -- Ticket Income $183,478
Game was played at the Anal Pouch.
Total Attendance: 12973 (72.07%)
Total Ticket Income: $1,032,747
Other Income: $413,099
Total Income: $1,445,846



Team Name Goals Shots Shots Attemp Shots Blocked PIM HIT PP PK FO%
Chiefs 4458784201 / 7 (14%)156%
Crazy Nastyass Badgers 322461214221 / 2 (50%)144%

Chiefs
Player Name POS G A P +/- PIM HIT SHT SB MP PP MP PP SHT PK MP PK SHT FO% FOT
Brad MarchandLW0000021014:190:0000:0000% 3
Brandon DavidsonD000000003:231:2701:0400% 0
Casey CizikasC0111021014:210:1200:06038% 16
Curtis LazarC/RW0000011014:190:0000:00060% 15
Dave HuntLW/RW2021016020:207:1241:050100% 1
Drew DoughtyD1233002015:100:0000:0000% 0
Frank VatranoLW/RW1121001014:150:1200:0000% 1
Ivan ProvorovD000-2034225:266:4101:1100% 0
Jake DeBruskLW/RW0000014019:585:3910:0000% 1
Jake MuzzinD000-1260014:370:0000:0000% 0
Jesse PuljujarviRW000-100008:303:5400:0000% 0
Jordan EberleRW000-100005:290:0700:460100% 1
Leon DraisaitlC/LW0000004126:268:2201:25063% 38
Marc-Edouard VlasicD011-1220123:517:2601:1300% 0
Miro HeiskanenD0000024118:326:0141:0600% 0
Reilly SmithRW0111005017:373:3410:00067% 3
Ryan Nugent-HopkinsC/LW02210011122:098:5441:12067% 9
Vincent DesharnaisD0003001218:593:4910:0000% 0
Crazy Nastyass Badgers
Player Name POS G A P +/- PIM HIT SHT SB MP PP MP PP SHT PK MP PK SHT FO% FOT
Andrei KuzmenkoRW0001001015:160:4400:00050% 2
Conor GarlandLW/RW000-1020011:400:0000:0000% 1
Eeli TolvanenLW/RW000-1423014:041:3300:0000% 0
Henri JokiharjuD011-1011219:340:0006:0000% 0
Jack RoslovicC/RW000-1001115:450:0004:05046% 13
Johnathan KovacevicD0000012219:080:2400:3900% 0
Jonathan HuberdeauC/LW101-1011116:111:3311:1000% 0
Josh AndersonLW/RW0001001021:460:4407:25067% 3
Marcus FolignoLW000002106:160:0000:0000% 1
Michael BuntingLW/RW000-1011012:300:0000:5000% 0
Neal PionkD0000030025:221:0906:3900% 0
Nicolas HagueD0000020221:350:4407:2900% 0
Pierre-Luc DuboisC/LW/RW1121013022:510:4407:35038% 37
Ryan HartmanC/RW000001007:020:0000:46033% 9
Ryan JohansenC/RW011-1211017:161:3303:11059% 22
Tanner JeannotLW/RW000002216:160:0000:0000% 0
Torey KrugD101-1203216:260:4402:0900% 0
Tyson BarrieD0220421117:521:3302:2800% 0

Chiefs

5 vs 5 Forward
Line #Left WingCenterRight WingPHYDFOFWanted %Time %Time Play
1Ryan Nugent-HopkinsLeon DraisaitlDave Hunt1223025%11:08
2Brad MarchandCurtis LazarJake DeBrusk1222832%14:19
3Frank VatranoCasey CizikasReilly Smith1222632%14:03
4Jesse PuljujarviLeon DraisaitlJordan Eberle1221610%4:36
5 vs 5 Defense
Line #DefenseDefensePHYDFOFWanted %Time %Time Play
1Jake MuzzinIvan Provorov1223031%13:43
2Marc-Edouard VlasicMiro Heiskanen1222826%11:25
3Vincent DesharnaisDrew Doughty1222634%15:10
4Marc-Edouard VlasicIvan Provorov122169%3:48
Power Play Forward
Line #Left WingCenterRight WingPHYDFOFWanted %Time %Time Play
1Ryan Nugent-HopkinsLeon DraisaitlDave Hunt1225548%6:08
2Leon DraisaitlRyan Nugent-HopkinsJake DeBrusk1224552%6:34
Power Play Defense
Line #DefenseDefensePHYDFOFWanted %Time %Time Play
1Marc-Edouard VlasicIvan Provorov1225553%6:41
2Marc-Edouard VlasicMiro Heiskanen1224547%6:01
Penalty Kill 4 Players Forward
Line #CenterWingPHYDFOFWanted %Time %Time Play
1Leon DraisaitlRyan Nugent-Hopkins1225561%1:24
2Dave HuntLeon Draisaitl1224539%0:53
Penalty Kill 4 Players Defense
Line #DefenseDefensePHYDFOFWanted %Time %Time Play
1Marc-Edouard VlasicIvan Provorov1225552%1:11
2Marc-Edouard VlasicMiro Heiskanen1224548%1:06
Penalty Kill 3 Players
Line #WingPHYDFOFWanted %Time %Time PlayDefenseDefensePHYDFOFWanted %Time %Time Play
1Leon Draisaitl122550%0:00 Marc-Edouard VlasicIvan Provorov122550%0:00
2Ryan Nugent-Hopkins122450%0:00 Marc-Edouard VlasicMiro Heiskanen122450%0:00
4 vs 4 Forward
Line #CenterWingPHYDFOFWanted %Time %Time Play
1Leon DraisaitlRyan Nugent-Hopkins122550%0:00
2Dave HuntRyan Nugent-Hopkins122450%0:00
4 vs 4 Defense
Line #DefensePHYDFOFWanted %Time %Time Play
1Marc-Edouard VlasicIvan Provorov122550%0:00
2Marc-Edouard VlasicMiro Heiskanen122450%0:00
Last Minutes Offensive
Left WingCenterRight WingDefenseDefense
Ryan Nugent-HopkinsLeon DraisaitlDave HuntJake MuzzinIvan Provorov
Last Minutes Defensive
Left WingCenterRight WingDefenseDefense
Ryan Nugent-HopkinsLeon DraisaitlDave HuntJake MuzzinIvan Provorov
Time
Total ForwardTotal DefenseLast Minutes OffensiveLast Minutes Defensive
60:00 60:00 0:000:55
Extra Forwards
Normal PowerPlayPenalty Kill
Jesse Puljujarvi, Reilly Smith, Jordan EberleJesse Puljujarvi, Reilly SmithJordan Eberle
Extra Defensemen
Normal PowerPlayPenalty Kill
Vincent Desharnais, Ivan Provorov, Marc-Edouard VlasicVincent Desharnais, Ivan ProvorovMarc-Edouard Vlasic
Penalty Shots
Leon Draisaitl, Ryan Nugent-Hopkins, Dave Hunt, Reilly Smith, Jake DeBrusk
Goalie
Stuart Skinner, Cam Talbot
Custom OT Lines Forwards
Leon Draisaitl, Ryan Nugent-Hopkins, Dave Hunt, Jesse Puljujarvi, Jake DeBrusk, Brad Marchand, Reilly Smith, Jordan Eberle, Casey Cizikas, Frank Vatrano
Custom OT Lines Defensemen
Jake Muzzin, Ivan Provorov, Marc-Edouard Vlasic, Miro Heiskanen, Vincent Desharnais
Scratches
Max Domi (Healthy), Josh Bailey (Healthy)

Crazy Nastyass Badgers

5 vs 5 Forward
Line #Left WingCenterRight WingPHYDFOFWanted %Time %Time Play
1Josh AndersonPierre-Luc DuboisAndrei Kuzmenko1223031%13:37
2Jonathan HuberdeauRyan JohansenEeli Tolvanen1222828%12:33
3Michael BuntingJack RoslovicConor Garland1222626%11:40
4Marcus FolignoRyan HartmanTanner Jeannot1221614%6:16
5 vs 5 Defense
Line #DefenseDefensePHYDFOFWanted %Time %Time Play
1Johnathan KovacevicNeal Pionk1223028%12:28
2Nicolas HagueTyson Barrie1222829%12:58
3Torey KrugHenri Jokiharju1222631%13:34
4Johnathan KovacevicNeal Pionk1221612%5:06
Power Play Forward
Line #Left WingCenterRight WingPHYDFOFWanted %Time %Time Play
1Josh AndersonPierre-Luc DuboisAndrei Kuzmenko1225532%0:44
2Jonathan HuberdeauRyan JohansenEeli Tolvanen1224568%1:33
Power Play Defense
Line #DefenseDefensePHYDFOFWanted %Time %Time Play
1Neal PionkTyson Barrie1225568%1:33
2Torey KrugNeal Pionk1224532%0:44
Penalty Kill 4 Players Forward
Line #CenterWingPHYDFOFWanted %Time %Time Play
1Pierre-Luc DuboisJosh Anderson1225560%7:25
2Ryan JohansenJack Roslovic1224540%4:55
Penalty Kill 4 Players Defense
Line #DefenseDefensePHYDFOFWanted %Time %Time Play
1Nicolas HagueNeal Pionk1225553%6:35
2Nicolas HagueHenri Jokiharju1224547%5:45
Penalty Kill 3 Players
Line #WingPHYDFOFWanted %Time %Time PlayDefenseDefensePHYDFOFWanted %Time %Time Play
1Pierre-Luc Dubois1225545%0:10 Nicolas HagueNeal Pionk1225545%0:10
2Ryan Johansen1224555%0:12 Nicolas HagueHenri Jokiharju1224555%0:12
4 vs 4 Forward
Line #CenterWingPHYDFOFWanted %Time %Time Play
1Pierre-Luc DuboisAndrei Kuzmenko122550%0:00
2Ryan JohansenJonathan Huberdeau122450%0:00
4 vs 4 Defense
Line #DefensePHYDFOFWanted %Time %Time Play
1Henri JokiharjuNeal Pionk122550%0:00
2Nicolas HagueHenri Jokiharju122450%0:00
Last Minutes Offensive
Left WingCenterRight WingDefenseDefense
Jonathan HuberdeauPierre-Luc DuboisAndrei KuzmenkoJohnathan KovacevicTyson Barrie
Last Minutes Defensive
Left WingCenterRight WingDefenseDefense
Josh AndersonPierre-Luc DuboisAndrei KuzmenkoJohnathan KovacevicNeal Pionk
Time
Total ForwardTotal DefenseLast Minutes OffensiveLast Minutes Defensive
60:00 60:00 0:550:00
Extra Forwards
Normal PowerPlayPenalty Kill
Michael Bunting, Jack Roslovic, Conor GarlandMichael Bunting, Jack RoslovicJonathan Huberdeau
Extra Defensemen
Normal PowerPlayPenalty Kill
Nicolas Hague, Henri Jokiharju, Tyson BarrieNicolas Hague, Henri JokiharjuTyson Barrie
Penalty Shots
Pierre-Luc Dubois, Andrei Kuzmenko, Michael Bunting, Neal Pionk, Jonathan Huberdeau
Goalie
Ukko-Pekka Luukkonen, Joey Daccord
Custom OT Lines Forwards
Pierre-Luc Dubois, Andrei Kuzmenko, Jonathan Huberdeau, Ryan Hartman, Josh Anderson, Marcus Foligno, Ryan Johansen, Michael Bunting, Tanner Jeannot, Conor Garland
Custom OT Lines Defensemen
Henri Jokiharju, Neal Pionk, Tyson Barrie, Torey Krug, Nicolas Hague
Scratches
Douche Larouche (Back Injury), Jacob Peterson (Healthy), Luke Kunin (Healthy)


Play-by-Play

1st period


0:01 of 1st period - Leon Draisaitl wins face-off versus Pierre-Luc Dubois in neutral zone.
0:23 of 1st period - Minor Penalty to Jake Muzzin for Interference.
0:24 of 1st period - Ryan Johansen wins face-off versus Ryan Nugent-Hopkins in Chiefs zone.
0:25 of 1st period - Shot by Jonathan Huberdeau.
0:25 of 1st period - Shot Misses the Net.
0:36 of 1st period - Neal Pionk is hit by Marc-Edouard Vlasic.
1:31 of 1st period - Pierre-Luc Dubois is hit by Miro Heiskanen and loses puck.
2:24 of 1st period - Shot by Jonathan Huberdeau.
2:24 of 1st period - Shot Blocked by Vincent Desharnais.
2:32 of 1st period - Shot by Curtis Lazar.
2:32 of 1st period - Shot Misses the Net.
2:34 of 1st period - Shot by Brad Marchand.
2:34 of 1st period - Deflect By Jake DeBrusk.
2:34 of 1st period - Stopped by Ukko-Pekka Luukkonen with a rebound.
2:36 of 1st period - Shot by Drew Doughty.
2:36 of 1st period - Stopped by Ukko-Pekka Luukkonen without a rebound.
2:37 of 1st period - Ryan Hartman wins face-off versus Casey Cizikas in Crazy Nastyass Badgers zone.
3:22 of 1st period - Icing by Johnathan Kovacevic.
3:23 of 1st period - Curtis Lazar wins face-off versus Marcus Foligno in Crazy Nastyass Badgers zone.
3:44 of 1st period - Jake DeBrusk is hit by Conor Garland and loses puck.
4:44 of 1st period - Off-side.
4:45 of 1st period - Ryan Johansen wins face-off versus Casey Cizikas in neutral zone.
4:58 of 1st period - Shot by Reilly Smith.
4:58 of 1st period - Stopped by Ukko-Pekka Luukkonen with a rebound.
5:00 of 1st period - Shot by Drew Doughty.
5:00 of 1st period - Goal by Drew Doughty - Chiefs : 1 - Crazy Nastyass Badgers : 0.
5:01 of 1st period - Pierre-Luc Dubois wins face-off versus Leon Draisaitl in neutral zone.
5:12 of 1st period - Shot by Torey Krug.
5:12 of 1st period - Goal by Torey Krug - Chiefs : 1 - Crazy Nastyass Badgers : 1.
5:13 of 1st period - Curtis Lazar wins face-off versus Ryan Johansen in neutral zone.
5:36 of 1st period - Shot by Jake DeBrusk.
5:36 of 1st period - Shot Misses the Net.
5:38 of 1st period - Shot by Jake DeBrusk.
5:38 of 1st period - Stopped by Ukko-Pekka Luukkonen with a rebound.
5:50 of 1st period - Shot by Ryan Johansen.
5:50 of 1st period - Stopped by Stuart Skinner without a rebound.
5:51 of 1st period - Leon Draisaitl wins face-off versus Josh Anderson in Chiefs zone.
6:12 of 1st period - Shot by Pierre-Luc Dubois.
6:12 of 1st period - Shot Misses the Net.
6:38 of 1st period - Icing by Torey Krug.
6:39 of 1st period - Pierre-Luc Dubois wins face-off versus Casey Cizikas in Crazy Nastyass Badgers zone.
6:58 of 1st period - Shot by Reilly Smith.
6:58 of 1st period - Stopped by Ukko-Pekka Luukkonen without a rebound.
6:59 of 1st period - Jack Roslovic wins face-off versus Brad Marchand in Crazy Nastyass Badgers zone.
7:11 of 1st period - Icing by Tyson Barrie.
7:12 of 1st period - Leon Draisaitl wins face-off versus Conor Garland in Crazy Nastyass Badgers zone.
7:13 of 1st period - Shot by Dave Hunt.
7:13 of 1st period - Shot Misses the Net.
7:19 of 1st period - Shot by Jack Roslovic.
7:19 of 1st period - Shot Blocked by Ryan Nugent-Hopkins.
7:30 of 1st period - Michael Bunting is hit by Jake Muzzin and loses puck.
7:39 of 1st period - Shot by Leon Draisaitl.
7:39 of 1st period - Shot Misses the Net.
8:14 of 1st period - Shot by Reilly Smith.
8:14 of 1st period - Shot Blocked by Nicolas Hague.
8:28 of 1st period - Icing by Miro Heiskanen.
8:29 of 1st period - Casey Cizikas wins face-off versus Ryan Johansen in Chiefs zone.
8:29 of 1st period - Casey Cizikas is hit by Eeli Tolvanen.
8:43 of 1st period - Shot by Ryan Johansen.
8:43 of 1st period - Shot Hit the Post.
10:10 of 1st period - Shot by Dave Hunt.
10:10 of 1st period - Deflect By Leon Draisaitl.
10:10 of 1st period - Stopped by Ukko-Pekka Luukkonen with a rebound.
10:17 of 1st period - Off-side.
10:18 of 1st period - Curtis Lazar wins face-off versus Ryan Hartman in neutral zone.
10:18 of 1st period - Curtis Lazar is hit by Tanner Jeannot.
10:40 of 1st period - Shot by Brad Marchand.
10:40 of 1st period - Shot Blocked by Tanner Jeannot.
11:11 of 1st period - Icing by Torey Krug.
11:12 of 1st period - Jack Roslovic wins face-off versus Leon Draisaitl in Crazy Nastyass Badgers zone.
11:29 of 1st period - Shot by Jack Roslovic.
11:29 of 1st period - Shot Misses the Net.
11:39 of 1st period - Shot by Dave Hunt.
11:39 of 1st period - Goal by Dave Hunt - Chiefs : 2 - Crazy Nastyass Badgers : 1.
11:40 of 1st period - Leon Draisaitl wins face-off versus Pierre-Luc Dubois in neutral zone.
11:46 of 1st period - Ivan Provorov is hit by Neal Pionk.
12:10 of 1st period - Shot by Pierre-Luc Dubois.
12:10 of 1st period - Stopped by Stuart Skinner without a rebound.
12:11 of 1st period - Ryan Johansen wins face-off versus Curtis Lazar in Chiefs zone.
13:06 of 1st period - Tyson Barrie is hit by Jake Muzzin and loses puck.
13:28 of 1st period - Pierre-Luc Dubois is hit by Jake Muzzin and loses puck.
13:52 of 1st period - Shot by Ryan Nugent-Hopkins.
13:52 of 1st period - Shot Misses the Net.
13:54 of 1st period - Shot by Leon Draisaitl.
13:54 of 1st period - Stopped by Ukko-Pekka Luukkonen without a rebound.
13:55 of 1st period - Jordan Eberle wins face-off versus Ryan Hartman in Crazy Nastyass Badgers zone.
14:19 of 1st period - Minor Penalty to Torey Krug for Holding.
14:20 of 1st period - Pierre-Luc Dubois wins face-off versus Leon Draisaitl in Crazy Nastyass Badgers zone.
14:32 of 1st period - Off-side.
14:33 of 1st period - Ryan Johansen wins face-off versus Ryan Nugent-Hopkins in neutral zone.
14:53 of 1st period - Shot by Leon Draisaitl.
14:53 of 1st period - Shot Misses the Net.
15:29 of 1st period - Shot by Dave Hunt.
15:29 of 1st period - Goal by Dave Hunt - Chiefs : 3 - Crazy Nastyass Badgers : 1.
15:30 of 1st period - Casey Cizikas wins face-off versus Ryan Hartman in neutral zone.
15:50 of 1st period - Off-side.
15:51 of 1st period - Ryan Johansen wins face-off versus Brad Marchand in neutral zone.
16:01 of 1st period - Icing by Vincent Desharnais.
16:02 of 1st period - Curtis Lazar wins face-off versus Jack Roslovic in Chiefs zone.
16:29 of 1st period - Icing by Jack Roslovic.
16:30 of 1st period - Leon Draisaitl wins face-off versus Jack Roslovic in Crazy Nastyass Badgers zone.
16:36 of 1st period - Off-side.
16:37 of 1st period - Pierre-Luc Dubois wins face-off versus Leon Draisaitl in neutral zone.
17:15 of 1st period - Shot by Leon Draisaitl.
17:15 of 1st period - Shot Misses the Net.
17:17 of 1st period - Shot by Ivan Provorov.
17:17 of 1st period - Stopped by Ukko-Pekka Luukkonen without a rebound.
17:18 of 1st period - Ryan Johansen wins face-off versus Curtis Lazar in Crazy Nastyass Badgers zone.
17:18 of 1st period - Ryan Johansen is hit by Brad Marchand.
17:21 of 1st period - Jonathan Huberdeau is hit by Curtis Lazar and loses puck.
17:30 of 1st period - Shot by Jonathan Huberdeau.
17:30 of 1st period - Shot Blocked by Vincent Desharnais.
17:38 of 1st period - Shot by Eeli Tolvanen.
17:38 of 1st period - Stopped by Stuart Skinner without a rebound.
17:39 of 1st period - Jack Roslovic wins face-off versus Casey Cizikas in Chiefs zone.
17:43 of 1st period - Conor Garland is hit by Jake Muzzin and loses puck.
17:52 of 1st period - Shot by Casey Cizikas.
17:52 of 1st period - Shot Misses the Net.
18:16 of 1st period - Icing by Frank Vatrano.
18:17 of 1st period - Ryan Johansen wins face-off versus Frank Vatrano in Chiefs zone.
18:17 of 1st period - Ryan Johansen is hit by Ivan Provorov.
18:24 of 1st period - Minor Penalty to Ryan Johansen for Roughing.
18:25 of 1st period - Pierre-Luc Dubois wins face-off versus Leon Draisaitl in Crazy Nastyass Badgers zone.
18:48 of 1st period - Shot by Ryan Nugent-Hopkins.
18:48 of 1st period - Shot Misses the Net.
18:54 of 1st period - Shot by Miro Heiskanen.
18:54 of 1st period - Shot Misses the Net.
18:56 of 1st period - Shot by Ryan Nugent-Hopkins.
18:56 of 1st period - Shot Misses the Net.
18:58 of 1st period - Shot by Leon Draisaitl.
18:58 of 1st period - Shot Misses the Net.
19:00 of 1st period - Shot by Marc-Edouard Vlasic.
19:00 of 1st period - Shot Misses the Net.
19:50 of 1st period - Shot by Jake DeBrusk.
19:50 of 1st period - Stopped by Ukko-Pekka Luukkonen with a rebound.
19:52 of 1st period - Shot by Vincent Desharnais.
19:52 of 1st period - Stopped by Ukko-Pekka Luukkonen without a rebound.
19:53 of 1st period - Ryan Hartman wins face-off versus Leon Draisaitl in Crazy Nastyass Badgers zone.
Goals for this period are 3 for Chiefs vs 1 for Crazy Nastyass Badgers.
Shots for this period are 13 for Chiefs vs 4 for Crazy Nastyass Badgers.

2nd period


0:01 of 2nd period - Pierre-Luc Dubois wins face-off versus Leon Draisaitl in neutral zone.
0:12 of 2nd period - Shot by Ryan Nugent-Hopkins.
0:12 of 2nd period - Shot Misses the Net.
0:14 of 2nd period - Shot by Dave Hunt.
0:14 of 2nd period - Stopped by Ukko-Pekka Luukkonen without a rebound.
0:15 of 2nd period - Ryan Nugent-Hopkins wins face-off versus Pierre-Luc Dubois in Crazy Nastyass Badgers zone.
0:30 of 2nd period - Shot by Reilly Smith.
0:30 of 2nd period - Shot Blocked by Jonathan Huberdeau.
0:32 of 2nd period - Shot by Casey Cizikas.
0:32 of 2nd period - Stopped by Ukko-Pekka Luukkonen without a rebound.
0:33 of 2nd period - Ryan Hartman wins face-off versus Curtis Lazar in Crazy Nastyass Badgers zone.
0:38 of 2nd period - Drew Doughty is hit by Tanner Jeannot and loses puck.
1:09 of 2nd period - Shot by Tanner Jeannot.
1:09 of 2nd period - Stopped by Stuart Skinner with a rebound.
1:11 of 2nd period - Shot by Johnathan Kovacevic.
1:11 of 2nd period - Stopped by Stuart Skinner without a rebound.
1:12 of 2nd period - Dave Hunt wins face-off versus Andrei Kuzmenko in Chiefs zone.
1:25 of 2nd period - Icing by Josh Anderson.
1:26 of 2nd period - Pierre-Luc Dubois wins face-off versus Casey Cizikas in Crazy Nastyass Badgers zone.
1:26 of 2nd period - Josh Anderson is hit by Casey Cizikas.
1:41 of 2nd period - Andrei Kuzmenko is hit by Jake Muzzin.
1:54 of 2nd period - Pierre-Luc Dubois is hit by Ivan Provorov and loses puck.
2:29 of 2nd period - Shot by Ryan Nugent-Hopkins.
2:29 of 2nd period - Shot Misses the Net.
2:31 of 2nd period - Shot by Dave Hunt.
2:31 of 2nd period - Deflect By Ryan Nugent-Hopkins.
2:31 of 2nd period - Stopped by Ukko-Pekka Luukkonen without a rebound.
2:32 of 2nd period - Curtis Lazar wins face-off versus Jack Roslovic in Crazy Nastyass Badgers zone.
3:28 of 2nd period - Off-side.
3:29 of 2nd period - Pierre-Luc Dubois wins face-off versus Leon Draisaitl in neutral zone.
4:34 of 2nd period - Casey Cizikas is hit by Eeli Tolvanen.
6:08 of 2nd period - Shot by Leon Draisaitl.
6:08 of 2nd period - Stopped by Ukko-Pekka Luukkonen without a rebound.
6:09 of 2nd period - Leon Draisaitl wins face-off versus Pierre-Luc Dubois in Crazy Nastyass Badgers zone.
6:09 of 2nd period - Leon Draisaitl is hit by Nicolas Hague.
6:36 of 2nd period - Icing by Nicolas Hague.
6:37 of 2nd period - Andrei Kuzmenko wins face-off versus Casey Cizikas in Crazy Nastyass Badgers zone.
7:39 of 2nd period - Shot by Eeli Tolvanen.
7:39 of 2nd period - Stopped by Stuart Skinner with a rebound.
8:06 of 2nd period - Shot by Tanner Jeannot.
8:06 of 2nd period - Stopped by Stuart Skinner without a rebound.
8:07 of 2nd period - Leon Draisaitl wins face-off versus Jack Roslovic in Chiefs zone.
8:20 of 2nd period - Leon Draisaitl is hit by Conor Garland and loses puck.
8:26 of 2nd period - Off-side.
8:27 of 2nd period - Reilly Smith wins face-off versus Ryan Hartman in neutral zone.
8:27 of 2nd period - Frank Vatrano is hit by Marcus Foligno and loses puck.
8:45 of 2nd period - Icing by Marc-Edouard Vlasic.
8:46 of 2nd period - Reilly Smith wins face-off versus Ryan Johansen in Chiefs zone.
8:46 of 2nd period - Reilly Smith is hit by Jonathan Huberdeau.
8:49 of 2nd period - Minor Penalty to Eeli Tolvanen for Hooking.
8:50 of 2nd period - Leon Draisaitl wins face-off versus Pierre-Luc Dubois in Crazy Nastyass Badgers zone.
9:27 of 2nd period - Shot by Dave Hunt.
9:27 of 2nd period - Shot Blocked by Jack Roslovic.
9:29 of 2nd period - Shot by Marc-Edouard Vlasic.
9:29 of 2nd period - Deflect By Leon Draisaitl.
9:29 of 2nd period - Shot Blocked by Henri Jokiharju.
9:48 of 2nd period - Miro Heiskanen is hit by Tyson Barrie and loses puck.
11:03 of 2nd period - Shot by Marcus Foligno.
11:03 of 2nd period - Stopped by Stuart Skinner without a rebound.
11:04 of 2nd period - Ryan Johansen wins face-off versus Casey Cizikas in Chiefs zone.
11:15 of 2nd period - Shot by Eeli Tolvanen.
11:15 of 2nd period - Shot Blocked by Miro Heiskanen.
11:39 of 2nd period - Ryan Johansen is hit by Miro Heiskanen and loses puck.
12:52 of 2nd period - Ryan Hartman is hit by Ivan Provorov and loses puck.
13:17 of 2nd period - Shot by Pierre-Luc Dubois.
13:17 of 2nd period - Deflect By Andrei Kuzmenko.
13:17 of 2nd period - Stopped by Stuart Skinner without a rebound.
13:18 of 2nd period - Leon Draisaitl wins face-off versus Pierre-Luc Dubois in Chiefs zone.
13:39 of 2nd period - Shot by Ryan Nugent-Hopkins.
13:39 of 2nd period - Shot Misses the Net.
13:45 of 2nd period - Shot by Leon Draisaitl.
13:45 of 2nd period - Shot Misses the Net.
13:47 of 2nd period - Shot by Marc-Edouard Vlasic.
13:47 of 2nd period - Shot Blocked by Tyson Barrie.
14:03 of 2nd period - Shot by Casey Cizikas.
14:03 of 2nd period - Shot Blocked by Nicolas Hague.
14:05 of 2nd period - Shot by Frank Vatrano.
14:05 of 2nd period - Goal by Frank Vatrano - Chiefs : 4 - Crazy Nastyass Badgers : 1.
14:06 of 2nd period - Ryan Johansen wins face-off versus Brad Marchand in neutral zone.
14:18 of 2nd period - Shot by Curtis Lazar.
14:18 of 2nd period - Stopped by Ukko-Pekka Luukkonen without a rebound.
14:19 of 2nd period - Casey Cizikas wins face-off versus Jack Roslovic in Crazy Nastyass Badgers zone.
14:20 of 2nd period - Shot by Frank Vatrano.
14:20 of 2nd period - Shot Misses the Net.
14:22 of 2nd period - Shot by Reilly Smith.
14:22 of 2nd period - Stopped by Ukko-Pekka Luukkonen with a rebound.
14:41 of 2nd period - Off-side.
14:42 of 2nd period - Ryan Johansen wins face-off versus Curtis Lazar in neutral zone.
14:51 of 2nd period - Shot by Eeli Tolvanen.
14:51 of 2nd period - Shot Misses the Net.
14:54 of 2nd period - Icing by Jake Muzzin.
14:55 of 2nd period - Curtis Lazar wins face-off versus Pierre-Luc Dubois in Chiefs zone.
15:04 of 2nd period - Shot by Brad Marchand.
15:04 of 2nd period - Shot Blocked by Torey Krug.
15:06 of 2nd period - Shot by Ivan Provorov.
15:06 of 2nd period - Stopped by Ukko-Pekka Luukkonen with a rebound.
15:10 of 2nd period - Shot by Jake DeBrusk.
15:10 of 2nd period - Stopped by Ukko-Pekka Luukkonen without a rebound.
15:11 of 2nd period - Leon Draisaitl wins face-off versus Ryan Johansen in Crazy Nastyass Badgers zone.
15:18 of 2nd period - Shot by Ryan Nugent-Hopkins.
15:18 of 2nd period - Stopped by Ukko-Pekka Luukkonen without a rebound.
15:19 of 2nd period - Leon Draisaitl wins face-off versus Pierre-Luc Dubois in Crazy Nastyass Badgers zone.
15:20 of 2nd period - Shot by Dave Hunt.
15:20 of 2nd period - Stopped by Ukko-Pekka Luukkonen with a rebound.
15:39 of 2nd period - Icing by Marc-Edouard Vlasic.
15:40 of 2nd period - Ryan Johansen wins face-off versus Leon Draisaitl in Chiefs zone.
15:41 of 2nd period - Shot by Jonathan Huberdeau.
15:41 of 2nd period - Shot Misses the Net.
15:43 of 2nd period - Shot by Eeli Tolvanen.
15:43 of 2nd period - Stopped by Stuart Skinner with a rebound.
15:45 of 2nd period - Shot by Henri Jokiharju.
15:45 of 2nd period - Shot Hit the Post.
15:47 of 2nd period - Shot by Ryan Johansen.
15:47 of 2nd period - Shot Misses the Net.
15:49 of 2nd period - Shot by Torey Krug.
15:49 of 2nd period - Stopped by Stuart Skinner without a rebound.
15:50 of 2nd period - Curtis Lazar wins face-off versus Pierre-Luc Dubois in Chiefs zone.
16:06 of 2nd period - Icing by Neal Pionk.
16:07 of 2nd period - Leon Draisaitl wins face-off versus Pierre-Luc Dubois in Crazy Nastyass Badgers zone.
16:36 of 2nd period - Icing by Johnathan Kovacevic.
16:37 of 2nd period - Josh Anderson wins face-off versus Curtis Lazar in Crazy Nastyass Badgers zone.
16:54 of 2nd period - Josh Anderson is hit by Brad Marchand and loses puck.
17:09 of 2nd period - Shot by Jake DeBrusk.
17:09 of 2nd period - Shot Misses the Net.
17:11 of 2nd period - Shot by Ivan Provorov.
17:11 of 2nd period - Shot Blocked by Johnathan Kovacevic.
17:13 of 2nd period - Shot by Ivan Provorov.
17:13 of 2nd period - Stopped by Ukko-Pekka Luukkonen without a rebound.
17:14 of 2nd period - Ryan Johansen wins face-off versus Leon Draisaitl in Crazy Nastyass Badgers zone.
17:27 of 2nd period - Shot by Eeli Tolvanen.
17:27 of 2nd period - Shot Blocked by Marc-Edouard Vlasic.
17:29 of 2nd period - Shot by Henri Jokiharju.
17:29 of 2nd period - Shot Misses the Net.
17:31 of 2nd period - Shot by Henri Jokiharju.
17:31 of 2nd period - Stopped by Stuart Skinner without a rebound.
17:32 of 2nd period - Jack Roslovic wins face-off versus Casey Cizikas in Chiefs zone.
17:49 of 2nd period - Shot by Michael Bunting.
17:49 of 2nd period - Stopped by Stuart Skinner without a rebound.
17:50 of 2nd period - Leon Draisaitl wins face-off versus Ryan Johansen in Chiefs zone.
17:50 of 2nd period - Leon Draisaitl is hit by Ryan Johansen.
18:06 of 2nd period - Shot by Ryan Nugent-Hopkins.
18:06 of 2nd period - Stopped by Ukko-Pekka Luukkonen without a rebound.
18:07 of 2nd period - Curtis Lazar wins face-off versus Jack Roslovic in Crazy Nastyass Badgers zone.
18:07 of 2nd period - Minor Penalty to Tyson Barrie for Delaying the game.
18:08 of 2nd period - Leon Draisaitl wins face-off versus Pierre-Luc Dubois in Crazy Nastyass Badgers zone.
18:09 of 2nd period - Shot by Ryan Nugent-Hopkins.
18:09 of 2nd period - Shot Misses the Net.
19:13 of 2nd period - Shot by Jake DeBrusk.
19:13 of 2nd period - Deflect By Reilly Smith.
19:13 of 2nd period - Shot Misses the Net.
19:15 of 2nd period - Shot by Vincent Desharnais.
19:15 of 2nd period - Shot Misses the Net.
19:17 of 2nd period - Shot by Reilly Smith.
19:17 of 2nd period - Deflect By Jake DeBrusk.
19:17 of 2nd period - Shot Misses the Net.
19:19 of 2nd period - Shot by Miro Heiskanen.
19:19 of 2nd period - Stopped by Ukko-Pekka Luukkonen without a rebound.
19:20 of 2nd period - Ryan Nugent-Hopkins wins face-off versus Pierre-Luc Dubois in Crazy Nastyass Badgers zone.
19:23 of 2nd period - Shot by Ryan Nugent-Hopkins.
19:23 of 2nd period - Stopped by Ukko-Pekka Luukkonen without a rebound.
19:24 of 2nd period - Pierre-Luc Dubois wins face-off versus Ryan Nugent-Hopkins in Crazy Nastyass Badgers zone.
19:24 of 2nd period - Pierre-Luc Dubois is hit by Jake DeBrusk.
Goals for this period are 1 for Chiefs vs 0 for Crazy Nastyass Badgers.
Shots for this period are 15 for Chiefs vs 10 for Crazy Nastyass Badgers.

3rd period


0:01 of 3rd period - Leon Draisaitl wins face-off versus Pierre-Luc Dubois in neutral zone.
0:19 of 3rd period - Shot by Brad Marchand.
0:19 of 3rd period - Shot Misses the Net.
0:43 of 3rd period - Shot by Michael Bunting.
0:43 of 3rd period - Shot Misses the Net.
0:45 of 3rd period - Shot by Torey Krug.
0:45 of 3rd period - Stopped by Stuart Skinner with a rebound.
0:47 of 3rd period - Shot by Henri Jokiharju.
0:47 of 3rd period - Shot Misses the Net.
1:43 of 3rd period - Jake DeBrusk is hit by Nicolas Hague and loses puck.
1:54 of 3rd period - Shot by Josh Anderson.
1:54 of 3rd period - Stopped by Stuart Skinner without a rebound.
1:55 of 3rd period - Leon Draisaitl wins face-off versus Ryan Hartman in Chiefs zone.
1:55 of 3rd period - Leon Draisaitl is hit by Marcus Foligno.
1:58 of 3rd period - Ivan Provorov is hit by Ryan Hartman and loses puck.
2:11 of 3rd period - Shot by Ryan Nugent-Hopkins.
2:11 of 3rd period - Stopped by Ukko-Pekka Luukkonen with a rebound.
2:13 of 3rd period - Shot by Ivan Provorov.
2:13 of 3rd period - Stopped by Ukko-Pekka Luukkonen without a rebound.
2:14 of 3rd period - Pierre-Luc Dubois wins face-off versus Casey Cizikas in Crazy Nastyass Badgers zone.
2:21 of 3rd period - Shot by Pierre-Luc Dubois.
2:21 of 3rd period - Goal by Pierre-Luc Dubois - Chiefs : 4 - Crazy Nastyass Badgers : 2.
2:22 of 3rd period - Leon Draisaitl wins face-off versus Pierre-Luc Dubois in neutral zone.
2:27 of 3rd period - Shot by Ryan Nugent-Hopkins.
2:27 of 3rd period - Stopped by Ukko-Pekka Luukkonen with a rebound.
2:32 of 3rd period - Josh Anderson is hit by Marc-Edouard Vlasic and loses puck.
2:58 of 3rd period - Minor Penalty to Marc-Edouard Vlasic for Hooking.
2:59 of 3rd period - Leon Draisaitl wins face-off versus Ryan Johansen in Chiefs zone.
3:16 of 3rd period - Shot by Jonathan Huberdeau.
3:16 of 3rd period - Goal by Jonathan Huberdeau - Chiefs : 4 - Crazy Nastyass Badgers : 3.
3:17 of 3rd period - Jack Roslovic wins face-off versus Casey Cizikas in neutral zone.
3:17 of 3rd period - Conor Garland is hit by Casey Cizikas and loses puck.
3:26 of 3rd period - Shot by Jack Roslovic.
3:26 of 3rd period - Shot Blocked by Ivan Provorov.
3:28 of 3rd period - Shot by Jack Roslovic.
3:28 of 3rd period - Stopped by Stuart Skinner with a rebound.
3:32 of 3rd period - Shot by Conor Garland.
3:32 of 3rd period - Shot Blocked by Ivan Provorov.
3:36 of 3rd period - Shot by Conor Garland.
3:36 of 3rd period - Shot Misses the Net.
4:20 of 3rd period - Shot by Leon Draisaitl.
4:20 of 3rd period - Stopped by Ukko-Pekka Luukkonen with a rebound.
4:22 of 3rd period - Shot by Marc-Edouard Vlasic.
4:22 of 3rd period - Shot Misses the Net.
4:42 of 3rd period - Marc-Edouard Vlasic is hit by Michael Bunting and loses puck.
4:48 of 3rd period - Off-side.
4:49 of 3rd period - Ryan Johansen wins face-off versus Curtis Lazar in neutral zone.
5:00 of 3rd period - Shot by Ryan Johansen.
5:00 of 3rd period - Shot Misses the Net.
5:09 of 3rd period - Minor Penalty to Eeli Tolvanen for Hooking.
5:10 of 3rd period - Josh Anderson wins face-off versus Leon Draisaitl in Crazy Nastyass Badgers zone.
5:10 of 3rd period - Josh Anderson is hit by Dave Hunt.
5:20 of 3rd period - Shot by Dave Hunt.
5:20 of 3rd period - Stopped by Ukko-Pekka Luukkonen with a rebound.
5:36 of 3rd period - Shot by Dave Hunt.
5:36 of 3rd period - Stopped by Ukko-Pekka Luukkonen without a rebound.
5:37 of 3rd period - Ryan Nugent-Hopkins wins face-off versus Pierre-Luc Dubois in Crazy Nastyass Badgers zone.
6:00 of 3rd period - Shot by Jake DeBrusk.
6:00 of 3rd period - Deflect By Ryan Nugent-Hopkins.
6:00 of 3rd period - Stopped by Ukko-Pekka Luukkonen with a rebound.
6:42 of 3rd period - Shot by Dave Hunt.
6:42 of 3rd period - Shot Misses the Net.
6:44 of 3rd period - Shot by Jesse Puljujarvi.
6:44 of 3rd period - Shot Misses the Net.
6:46 of 3rd period - Shot by Reilly Smith.
6:46 of 3rd period - Stopped by Ukko-Pekka Luukkonen without a rebound.
6:46 of 3rd period - Minor Penalty to Ukko-Pekka Luukkonen for Delaying the game.
6:47 of 3rd period - Ryan Nugent-Hopkins wins face-off versus Pierre-Luc Dubois in Crazy Nastyass Badgers zone.
6:52 of 3rd period - Shot by Miro Heiskanen.
6:52 of 3rd period - Stopped by Ukko-Pekka Luukkonen with a rebound.
7:08 of 3rd period - Shot by Dave Hunt.
7:08 of 3rd period - Deflect By Jake DeBrusk.
7:08 of 3rd period - Shot Misses the Net.
8:30 of 3rd period - Off-side.
8:31 of 3rd period - Ryan Nugent-Hopkins wins face-off versus Pierre-Luc Dubois in neutral zone.
8:54 of 3rd period - Drew Doughty is hit by Tyson Barrie and loses puck.
9:09 of 3rd period - Shot by Jonathan Huberdeau.
9:09 of 3rd period - Shot Misses the Net.
9:53 of 3rd period - Shot by Brad Marchand.
9:53 of 3rd period - Shot Blocked by Johnathan Kovacevic.
10:37 of 3rd period - Josh Anderson is hit by Jake Muzzin and loses puck.
10:55 of 3rd period - Icing by Pierre-Luc Dubois.
10:56 of 3rd period - Leon Draisaitl wins face-off versus Pierre-Luc Dubois in Crazy Nastyass Badgers zone.
11:03 of 3rd period - Shot by Leon Draisaitl.
11:03 of 3rd period - Shot Misses the Net.
11:05 of 3rd period - Shot by Leon Draisaitl.
11:05 of 3rd period - Shot Blocked by Henri Jokiharju.
11:10 of 3rd period - Dave Hunt is hit by Henri Jokiharju and loses puck.
11:13 of 3rd period - Shot by Leon Draisaitl.
11:13 of 3rd period - Deflect By Dave Hunt.
11:13 of 3rd period - Shot Blocked by Torey Krug.
11:17 of 3rd period - Shot by Ryan Nugent-Hopkins.
11:17 of 3rd period - Stopped by Ukko-Pekka Luukkonen without a rebound.
11:18 of 3rd period - Casey Cizikas wins face-off versus Ryan Johansen in Crazy Nastyass Badgers zone.
11:18 of 3rd period - Vincent Desharnais is hit by Neal Pionk and loses puck.
11:43 of 3rd period - Shot by Reilly Smith.
11:43 of 3rd period - Stopped by Ukko-Pekka Luukkonen with a rebound.
12:03 of 3rd period - Icing by Johnathan Kovacevic.
12:04 of 3rd period - Leon Draisaitl wins face-off versus Ryan Johansen in Crazy Nastyass Badgers zone.
12:04 of 3rd period - Leon Draisaitl is hit by Neal Pionk.
12:07 of 3rd period - Ryan Nugent-Hopkins is hit by Johnathan Kovacevic and loses puck.
12:24 of 3rd period - Shot by Ryan Nugent-Hopkins.
12:24 of 3rd period - Shot Misses the Net.
12:26 of 3rd period - Shot by Ryan Nugent-Hopkins.
12:26 of 3rd period - Stopped by Ukko-Pekka Luukkonen without a rebound.
12:27 of 3rd period - Leon Draisaitl wins face-off versus Pierre-Luc Dubois in Crazy Nastyass Badgers zone.
12:41 of 3rd period - Icing by Josh Anderson.
12:42 of 3rd period - Casey Cizikas wins face-off versus Pierre-Luc Dubois in Crazy Nastyass Badgers zone.
12:46 of 3rd period - Minor Penalty to Tyson Barrie for Interference.
12:47 of 3rd period - Leon Draisaitl wins face-off versus Pierre-Luc Dubois in Crazy Nastyass Badgers zone.
13:04 of 3rd period - Shot by Ryan Nugent-Hopkins.
13:04 of 3rd period - Stopped by Ukko-Pekka Luukkonen without a rebound.
13:05 of 3rd period - Pierre-Luc Dubois wins face-off versus Jake DeBrusk in Crazy Nastyass Badgers zone.
13:24 of 3rd period - Shot by Miro Heiskanen.
13:24 of 3rd period - Deflect By Ryan Nugent-Hopkins.
13:24 of 3rd period - Stopped by Ukko-Pekka Luukkonen without a rebound.
13:25 of 3rd period - Leon Draisaitl wins face-off versus Pierre-Luc Dubois in Crazy Nastyass Badgers zone.
14:39 of 3rd period - Shot by Miro Heiskanen.
14:39 of 3rd period - Stopped by Ukko-Pekka Luukkonen with a rebound.
14:41 of 3rd period - Shot by Miro Heiskanen.
14:41 of 3rd period - Stopped by Ukko-Pekka Luukkonen without a rebound.
14:42 of 3rd period - Pierre-Luc Dubois wins face-off versus Leon Draisaitl in Crazy Nastyass Badgers zone.
15:38 of 3rd period - Shot by Pierre-Luc Dubois.
15:38 of 3rd period - Deflect By Andrei Kuzmenko.
15:38 of 3rd period - Shot Misses the Net.
16:55 of 3rd period - Icing by Nicolas Hague.
16:56 of 3rd period - Ryan Nugent-Hopkins wins face-off versus Ryan Johansen in Crazy Nastyass Badgers zone.
17:29 of 3rd period - Shot by Michael Bunting.
17:29 of 3rd period - Shot Misses the Net.
17:31 of 3rd period - Shot by Johnathan Kovacevic.
17:31 of 3rd period - Stopped by Stuart Skinner without a rebound.
17:32 of 3rd period - Jack Roslovic wins face-off versus Reilly Smith in Chiefs zone.
17:42 of 3rd period - Off-side.
17:43 of 3rd period - Curtis Lazar wins face-off versus Ryan Hartman in neutral zone.
17:46 of 3rd period - Shot by Brad Marchand.
17:46 of 3rd period - Stopped by Ukko-Pekka Luukkonen without a rebound.
17:47 of 3rd period - Casey Cizikas wins face-off versus Jack Roslovic in Crazy Nastyass Badgers zone.
18:48 of 3rd period - Icing by Tyson Barrie.
18:49 of 3rd period - Pierre-Luc Dubois wins face-off versus Leon Draisaitl in Crazy Nastyass Badgers zone.
18:56 of 3rd period - Crazy Nastyass Badgers, Ukko-Pekka Luukkonen is pulled from the net.
18:56 of 3rd period - Shot by Tyson Barrie.
18:56 of 3rd period - Shot Blocked by Leon Draisaitl.
19:04 of 3rd period - Shot by Pierre-Luc Dubois.
19:04 of 3rd period - Stopped by Stuart Skinner without a rebound.
19:05 of 3rd period - Leon Draisaitl wins face-off versus Pierre-Luc Dubois in Chiefs zone.
19:05 of 3rd period - Leon Draisaitl is hit by Pierre-Luc Dubois.
19:35 of 3rd period - Shot by Tyson Barrie.
19:35 of 3rd period - Stopped by Stuart Skinner without a rebound.
19:36 of 3rd period - Pierre-Luc Dubois wins face-off versus Leon Draisaitl in Chiefs zone.
Goals for this period are 0 for Chiefs vs 2 for Crazy Nastyass Badgers.
Shots for this period are 17 for Chiefs vs 8 for Crazy Nastyass Badgers.